 Dungeon Crawl Stone Soup version 0.24-a0-232-g49d9ff8 (webtiles) character file.

Game seed: 8829806977443171386

54 technobutter the Poker (level 3, 0/33 HPs)
             Began as a Hill Orc Berserker on Apr 4, 2019.
             Was a Follower of Trog.
             Slain by an adder (1 damage)
             ... on level 4 of the Dungeon.
             The game lasted 00:09:19 (1946 turns).

technobutter the Poker (Hill Orc Berserker)         Turns: 1946, Time: 00:09:20

Health: 0/33       AC:  6    Str: 19    XL:     3   Next: 91%
Magic:  3/3        EV: 11    Int:  7    God:    Trog [*.....]
Gold:   159        SH:  0    Dex: 11    Spells: 2/2 levels left

rFire    . . .     SeeInvis .   a - +1 spear
rCold    + . .     Gourm    .   (no shield)
rNeg     . . .     Faith    .   h - +1 ring mail
rPois    .         Spirit   .   (no helmet)
rElec    .         Reflect  .   (no cloak)
rCorr    .         Harm     .   (no gloves)
MR       .....                  (no boots)
Stlth    +.........             (no amulet)
HPRegen  0.11/turn              b - ring of protection from cold
MPRegen  0.08/turn              (no ring)

@: no status effects
A: no striking features
a: Berserk, Renounce Religion, Convert to Beogh


You were on level 4 of the Dungeon.
You worshipped Trog.
Trog was aware of your devotion.
You were not hungry.

You visited 1 branch of the dungeon, and saw 4 of its levels.

You collected 159 gold pieces.

Inventory:

Hand Weapons
 a - a +1 spear (weapon)
Armour
 h - a +1 ring mail (worn)
 n - a +1 hat of magic resistance
Jewellery
 b - a ring of protection from cold (left hand)
Scrolls
 f - a scroll of noise
 k - a scroll of remove curse
 l - a scroll of teleportation
Potions
 d - 2 potions of curing
 e - a potion of might {unknown}
 g - a potion of brilliance {unknown}
 i - 2 potions of degeneration {unknown}
 j - a potion of lignification {unknown}
 m - a potion of mutation {unknown}
Comestibles
 c - 2 rations


   Skills:
 + Level 4.1 Fighting
 + Level 4.4 Polearms
 + Level 2.6 Armour
 + Level 1.7 Dodging


You had 2 spell levels left.
You didn't know any spells.
Your spell library was empty.

Dungeon Overview and Level Annotations

Branches:
Dungeon (4/15)
 Temple: D:4-7

Altars:


Message History

You closely miss the orc. The orc hits you with a +0 hand axe.
The adder closely misses you.
Your ring mail prevents you from hitting the orc.
The orc hits you with a +0 flail. The adder bites you but does no damage.
The orc hits you but does no damage.
You puncture the orc!
You kill the orc!
Trog accepts your kill.
The orc priest calls down the wrath of Beogh upon you.
Beogh smites you!
* * * LOW HITPOINT WARNING * * *
The adder bites you but does no damage. The orc barely misses you.
The adder bites you but does no damage.
The orc priest hits you with a +0 hand axe.
* * * LOW HITPOINT WARNING * * *
The adder closely misses you. The adder closely misses you.
The orc priest shouts, "Join the one true god or die!"
The adder bites you.
You die...

#....##...####...........
##....#......###.........
.........#.........###...
...##..#.......###.# ..
#....#.##.......##..# ...
.....#............# #...
.............##...##....
........###..###..#..... ..
.......@................
.........oS................
#...#.............?^...(...
#...##....o...###..........
#......##..................
........##.............#...
#............##.......###.
#.....................# .
##....#.#)..........#...


You could see an orc priest, an adder and an orc.

Vanquished Creatures
  An adder (D:3)
  A dart slug (D:2)
  2 leopard geckos
  2 orcs
  A ball python (D:1)
  A goblin (D:3)
  2 hobgoblins
  7 jackals (D:3)
  3 quokkas
  4 bats
  A frilled lizard (D:1)
  7 kobolds
  5 rats
37 creatures vanquished.

Notes
Turn   | Place    | Note
-------+----------+-------------------------------------------
     0 | D:1      | technobutter the Hill Orc Berserker began the quest for the
                  | Orb.
     0 | D:1      | Reached XP level 1. HP: 19/19 MP: 1/1
   339 | D:1      | Reached XP level 2. HP: 25/27 MP: 2/2
   558 | D:3      | Reached XP level 3. HP: 33/33 MP: 3/3
   982 | D:2      | Reached ** piety under Trog
  1940 | D:4      | HP: 1/33 [orc priest/+0 hand axe (3)]
  1946 | D:4      | Slain by an adder

Levels and vault maps discovered:
D:1:      elethiomel_arrival_shortcut, layout_basic
D:2:      layout_rooms, serial_rivers, chequers_serial_rivers_large_a,
          chequers_serial_rivers_room_b, chequers_serial_rivers_large_b,
          chequers_serial_rivers_small_3, chequers_serial_rivers_micro_d
D:3:      layout_loops_ring, xom_butterflies, chequers_jeans, led_sif_pool
D:4:      layout_cave_pools, first_ration

Skill      XL: |  1  2  3 |
---------------+----------+-----
Fighting       | 4 |  4.1
Polearms       | 4 |  4.4
Armour         | |  2.6
Dodging        | |  1.7

Action                   || total
-------------------------++-------
Melee: Spear             ||   125
  Use: Scroll            ||    12
  Eat: Ration            ||     1
Armor: Ring mail         ||    48
       Animal skin       ||    10
Dodge: Dodged            ||   117

Table legend:
 A = Non-vault XP
 B = Vault XP
 C = Vault XP percentage of total XP
 D = Non-vault monster count
 E = Vault monster count
 F = Vault count percentage of total count
                 A         B        C        D         E       F
            +---------+---------+-------+---------+---------+-------
      Total |      78 |       0 |   0.0 |      37 |       0 |   0.0
            +---------+---------+-------+---------+---------+-------
        D:1 |      14 |       0 |   0.0 |      10 |       0 |   0.0
        D:2 |      18 |       0 |   0.0 |      10 |       0 |   0.0
        D:3 |      43 |       0 |   0.0 |      16 |       0 |   0.0
        D:4 |       3 |       0 |   0.0 |       1 |       0 |   0.0
            +---------+---------+-------+---------+---------+-------
